 Dungeon Sprint DCSS version 0.19-a0-1401-g902f63d (webtiles) character file.

582 poirepourri the Fighter (level 7, -1/58 HPs)
             Began as a Gargoyle Fighter on Sept 4, 2016.
             Was an Initiate of Cheibriados.
             Slain by a centaur warrior (11 damage)
             ... in the Dungeon (Sprint I: "Red Sonja").
             The game lasted 00:01:35 (500 turns).

poirepourri the Fighter (Gargoyle Fighter)           Turns: 500, Time: 00:01:36

Health: -1/58      AC: 11    Str: 21    XL:     7   Next: 36%
Magic:  7/7        EV:  8    Int: 10    God:    Cheibriados [......]
Gold:   307        SH:  9    Dex: 11    Spells: 0 memorised, 6 levels left

rFire  . . .     SeeInvis .     a - +0 flail
rCold  . . .     Gourm    .     b - +0 scale mail
rNeg   + . .     Faith    .     c - +0 shield
rPois  ∞         Spirit   .     (no helmet)
rElec  +         Dismiss  .     (no cloak)
rCorr  .         Reflect  .     (no gloves)
MR     .....     Harm     .     (no boots)
Stlth  .......... NoTele   +    (no amulet)
                                (no ring)
                                (no ring)

@: slow
A: negative energy resistance 1, electricity resistance, unbreathing,
petrification resistance, rot immunity, AC +4
a: Bend Time, Renounce Religion


You were in the Dungeon.
You worshipped Cheibriados.
Cheibriados was noncommittal.
You were not hungry.

You visited 1 branch You collected 307 gold pieces.

Inventory:

Hand Weapons
 a - a +0 flail (weapon)
Armour
 b - a +0 scale mail (worn)
 c - a +0 shield (worn)
Scrolls
 k - a scroll of blinking
Potions
 e - a potion of curing
 g - a potion of heal wounds
 h - a potion of haste
 i - 2 potions of magic
 j - a potion of berserk rage
Comestibles
 f - 2 bread rations


   Skills:
 + Level 13.6 Fighting
 + Level 8.3 Maces & Flails
 - Level 3.2 Armour
 + Level 2.7 Dodging
 - Level 3.2 Shields


You had 6 spell levels left.
You didn't know any spells.

Dungeon Overview and Level Annotations

Branches:
Dungeon (1/1)

Altars:
Cheibriados
Dithmenos
Elyvilon
Fedhas
Gozag
Hepliaklqana
Kikubaaqudgha
Makhleb
Nemelex Xobeh
Okawaru
Qazlal
Ru
Sif Muna
Trog
Uskayaw
Vehumet
Xom
Yredelemnul
Zin
The Shining One
Jiyva
Lugonu

Shops:
D =


Innate Abilities, Weirdness & Mutations

You are resistant to torment.
Your stone body is resilient. (AC +4)
You are immune to poison.
You resist negative energy. (rN+)
You are resistant to electric shocks. (rElec)
You can survive without breathing.
You are immune to petrification.
You are immune to rotting.


Message History

You hit the centaur warrior but do no damage.
The centaur warrior is lightly wounded.
You block the centaur warrior's attack. The centaur warrior hits you!
You closely miss the centaur warrior.
The centaur warrior is lightly wounded.
The centaur warrior hits you. The centaur warrior closely misses you.
You barely miss the centaur warrior.
The centaur warrior is lightly wounded.
The centaur warrior hits you.
You hit the centaur warrior but do no damage.
The centaur warrior is lightly wounded.
The centaur warrior hits you!
* * * LOW HITPOINT WARNING * * *
The centaur warrior hits you but does no damage.
You hit the centaur warrior.
The centaur warrior is lightly wounded.
The centaur warrior hits you.
* * * LOW HITPOINT WARNING * * *
The centaur warrior hits you!
You die...

###################
#<.#..'..#..'(.#__#
#..)).#..').#..'..+
#..#####'#####@#__# ##
#..####..#...#c####)§#
#..#__####..##c#≈§§§c#
#..#_____##'#.§§§§§..+
#⌠⌠#_.∩...†..._#§§≈§§#
####_..__##_.#'##+####
#_____###+#|# #######
###


You could see 2 centaur warriors.

Vanquished Creatures
  A slime creature (D)
  A yak (D)
  Sigmund (D)
  An ogre (D)
  A jelly (D)
  Ijyb (D)
6 creatures vanquished.

Vanquished Creatures (others)
  A gargoyle (D)
1 creature vanquished.

Grand Total: 7 creatures vanquished

Notes
Turn   | Place    | Note
-------+----------+-------------------------------------------
     0 | D        | poirepourri the Gargoyle Fighter began the quest for the Orb.
     0 | D        | Reached XP level 1. HP: 14/14 MP: 1/1
     2 | D        | Noticed Ijyb
    16 | D        | Killed Ijyb
    16 | D        | Reached skill level 6 in Fighting
    16 | D        | Reached XP level 2. HP: 22/23 MP: 2/2
    16 | D        | Reached XP level 3. HP: 27/28 MP: 3/3
    62 | D        | Noticed an ogre
    69 | D        | Killed an ogre
    69 | D        | Reached skill level 9 in Fighting
    69 | D        | Reached skill level 1 in Dodging
    69 | D        | Reached XP level 4. HP: 36/36 MP: 4/4
    86 | D        | Noticed Sigmund
    95 | D        | Killed Sigmund
    95 | D        | Reached skill level 11 in Fighting
    95 | D        | Reached XP level 5. HP: 37/44 MP: 5/5
    95 | D        | Reached XP level 6. HP: 41/49 MP: 6/6
   125 | D        | Killed a gargoyle
   152 | D        | Found a deep blue altar of Sif Muna.
   154 | D        | Found a radiant altar of Vehumet.
   206 | D        | Found a burning altar of Makhleb.
   206 | D        | Found a viscous altar of Jiyva.
   206 | D        | Found a shimmering altar of Xom.
   206 | D        | Found a corrupted altar of Lugonu.
   206 | D        | Noticed a slime creature
   216 | D        | Killed a slime creature
   216 | D        | Reached skill level 13 in Fighting
   216 | D        | Reached XP level 7. HP: 31/57 MP: 7/7
   381 | D        | Found Piadu's Jewellery Emporium.
   381 | D        | Found an ancient bone altar of Kikubaaqudgha.
   381 | D        | Found a hazy altar of Hepliaklqana.
   381 | D        | Found a stormy altar of Qazlal.
   381 | D        | Found a hide-covered altar of Uskayaw.
   381 | D        | Found a blossoming altar of Fedhas.
   381 | D        | Found a bloodstained altar of Trog.
   381 | D        | Found an iron altar of Okawaru.
   381 | D        | Found a basalt altar of Yredelemnul.
   381 | D        | Found a glowing golden altar of the Shining One.
   381 | D        | Found a snail-covered altar of Cheibriados.
   381 | D        | Found a sacrificial altar of Ru.
   381 | D        | Found a glowing silver altar of Zin.
   381 | D        | Found a shadowy altar of Dithmenos.
   381 | D        | Found a white marble altar of Elyvilon.
   381 | D        | Noticed a yak
   391 | D        | Killed a yak
   392 | D        | Found an opulent altar of Gozag.
   393 | D        | Found a sparkling altar of Nemelex Xobeh.
   399 | D        | Became a worshipper of Cheibriados the Contemplative
   473 | D        | Noticed a centaur warrior
   473 | D        | Noticed a centaur warrior
   500 | D        | Slain by a centaur warrior

Vault maps used:
D:        dungeon_sprint_1

Skill      XL: |  1  2  3  4  5  6  7 |
---------------+----------------------+-----
Fighting       | 6 9 11 13 | 13.6
Maces & Flails | 3 4 6 7 8 |  8.3
Dodging        | 1 2 |  2.7
Armour         | |  3.2
Shields        | |  3.2

Action                   |  1- 3 |  4- 6 |  7- 9 || total
-------------------------+-------+-------+-------++-------
Melee: Flail             |    16 |    19 |    26 ||    61
  Use: Potion            |     1 |       |       ||     1
Armor: Scale mail        |     5 |     7 |     7 ||    19
Dodge: Dodged            |     5 |     4 |     5 ||    14
Block: Shield            |     6 |     3 |    14 ||    23
